 Dungeon Crawl Stone Soup version 0.31-a0-750-gfe7b580527 (webtiles) character file.

Game seed: 13284728828171976141

242498 Joey1 the Warrior (level 19, -4/185 HPs)
             Began as a Minotaur Fighter on Sept 14, 2023.
             Was the Champion of Okawaru.
             Slain by a caustic shrike (9 damage)
             ... while petrified by a living spell
             ... on level 3 of the Depths.
             The game lasted 02:11:48 (34761 turns).

Joey1 the Warrior (Minotaur Fighter)               Turns: 34761, Time: 02:11:49

Health: -4/185     AC:  6    Str: 29    XL:     19   Next: 10%
Magic:  28/28      EV:  2    Int:  5    God:    Okawaru [******]
Gold:   2692       SH:  0    Dex: 13    Spells: 18/18 levels left

rFire   + . .        D - +7 broad axe (freeze)
rCold   + + .        a - +0 kite shield {rF+}
rNeg    + + +        X - +3 plate armour {rC+}
rPois   ∞            P - +2 hat {Will+}
rElec   +            f - +1 cloak
rCorr   .            i - +0 pair of gloves
SInv    .            p - +3 pair of seven-league boots {Rampage+∞}
Will    ++...        d - amulet "Gaem" {Reflect Regen+ Slay+5 SH+5} Stlth
                     S - ring "Yrghaer" {rElec rPois}
HPRegen 1.30/turn    o - ring of Luin {rC+ EV+5 Str+3}
MPRegen 0.21/turn

%: reflection, rampage+∞
@: petrified, heroic, corroded
A: horns 2, retaliatory headbutt
}: 1/15 runes: decaying
a: Renounce Religion, Heroism, Finesse, Duel


You were on level 3 of the Depths.
You worshipped Okawaru.
Okawaru was exalted by your worship.
You visited 6 branches of the dungeon, and saw 30 of its levels.
You also visited: Trove, Sewer, Gauntlet and Ice Cave.

You collected 4372 gold pieces.
You spent 1680 gold pieces at shops.

Inventory:

Hand Weapons
 y - the +3 morningstar of a Billion Xeniums {flame, rElec rF+ rC- rN+}
   (You found it on level 1 of the Depths)

   rF+:       It protects you from fire.
   rC-:       It makes you vulnerable to cold.
   rElec:     It insulates you from electricity.
   rN+:       It protects you from negative energy.
 D - a +7 broad axe of freezing (weapon)
 V - the +3 broad axe of Responsibility {freeze, rF+ Str+4}
   (Okawaru gifted it to you on level 11 of the Dungeon)

   Str+4:     It affects your strength (+4).
   rF+:       It protects you from fire.
Missiles
 j - 59 poisoned darts
 k - 16 atropa-tipped darts
 q - 2 javelins
 A - 13 boomerangs (quivered)
 M - a throwing net
 U - 2 silver javelins
Armour
 a - a +0 kite shield of fire resistance (worn)
 b - a +2 pair of boots of flying
 f - a +1 cloak (worn)
 i - a +0 pair of gloves (worn)
 p - the +3 pair of seven-league boots (worn) {Rampage+∞}
   (You found it on level 2 of the Depths)

   Rampage+∞: When moving toward enemies, its wearer moves as far as possible,
   alerting their target en route.
 P - a +2 hat of willpower (worn)
 X - a +3 plate armour of cold resistance (worn)
Jewellery
 d - the amulet "Gaem" (around neck) {Reflect Regen+ Slay+5 SH+5}
   (You found it in a treasure trove)

   [amulet of reflection]

   Reflect:   It reflects blocked missile attacks.
   Slay+5:    It affects your accuracy & damage with ranged weapons and melee
   (+5).
   Regen+:    It increases your rate of health regeneration.
   SH+5:      It affects your SH (+5).
 h - the ring of the Jumping Madman {rC- rCorr Str+6 Stlth+}
   (You found it in a treasure trove)

   [ring of strength]

   Str+6:     It affects your strength (+6).
   rC-:       It makes you vulnerable to cold.
   rCorr:     It protects you from acid and corrosion.
   Stlth+:    It makes you more stealthy.
 l - a ring of willpower
 n - the ring "Sawu" {rElec rC+ rN+}
   (You found it in a treasure trove)

   [ring of protection from cold]

   rC+:       It protects you from cold.
   rElec:     It insulates you from electricity.
   rN+:       It protects you from negative energy.
 o - the ring of Luin (right hand) {rC+ EV+5 Str+3}
   (You found it in a treasure trove)

   [ring of evasion]

   EV+5:      It affects your evasion (+5).
   Str+3:     It affects your strength (+3).
   rC+:       It protects you from cold.
 r - a ring of see invisible
 x - a ring of resist corrosion
 E - a ring of fire
 S - the ring "Yrghaer" (left hand) {rElec rPois}
   (You found it in a Gauntlet)

   [ring of poison resistance]

   rElec:     It insulates you from electricity.
   rPois:     It protects you from poison
Wands
 s - a wand of flame (85)
 B - a wand of acid (29)
 I - a wand of polymorph (28)
 K - a wand of roots (56)
Scrolls
 c - 3 scrolls of silence
 e - 3 scrolls of fear
 u - a scroll of brand weapon
 F - 7 scrolls of enchant armour
 J - 3 scrolls of blinking
 L - 5 scrolls of fog
 O - 10 scrolls of teleportation
 Z - 2 scrolls of revelation
Potions
 g - 2 potions of ambrosia
 m - 5 potions of resistance
 t - 8 potions of haste
 v - 3 potions of cancellation
 w - 2 potions of enlightenment
 z - a potion of lignification
 C - 8 potions of heal wounds
 G - 12 potions of curing
 H - 7 potions of magic
 N - 8 potions of might
 Q - 2 potions of berserk rage
 R - a potion of invisibility
 W - 3 potions of mutation
Miscellaneous
 T - a tin of tremorstones (2/2)
 Y - a phial of floods


   Skills:
 - Level 20.0(25.0) Fighting
 - Level 20.0(25.0) Axes
 - Level 10.0(15.0) Throwing
 - Level 10.0(15.0) Armour
 - Level 10.0(15.0) Dodging
 - Level 15.0(20.0) Shields
 + Level 13.9 Invocations
 - Level 12.0 Evocations


You had 18 spell levels left.
You didn't know any spells.
Your spell library contained the following spells:

 Spells                   Type           Power      Damage    Failure   Level
 Freeze                   Ice            0%         1d3       98%         1
 Necrotise                Necr           0%         1d4       98%         1
 Sandblast                Erth           0%         2d4       98%         1
 Shock                    Conj/Air       0%         1d3       98%         1
 Lesser Beckoning         Tloc           0%         N/A       99%         2
 Passwall                 Tmut/Erth      0%         N/A       99%         2
 Poisonous Vapours        Pois/Air       0%         N/A       99%         2
 Scorch                   Fire           0%         2d5       99%         2
 Static Discharge         Conj/Air       0%         2-2/arc   99%         2
 Sublimation of Blood     Necr           0%         N/A       99%         2
 Frozen Ramparts          Ice            0%         1d1       100%        3
 Gell's Gravitas          Tloc           0%         N/A       100%        3
 Hailstorm                Conj/Ice       0%         3d3       100%        3
 Ignite Poison            Fire/Tmut/Pois 0%         N/A       100%        3
 Inner Flame              Hex/Fire       0%         N/A       100%        3
 Mephitic Cloud           Conj/Pois/Air  0%         N/A       100%        3
 Ozocubu's Armour         Ice            0%         N/A       100%        3
 Swiftness                Air            0%         N/A       100%        3
 Teleport Other           Tloc           0%         N/A       100%        3
 Vampiric Draining        Necr           0%         2d6       100%        3
 Airstrike                Air            0%         2d(0-16)  100%        4
 Anguish                  Hex/Necr       0%         N/A       100%        4
 Cause Fear               Hex            0%         N/A       100%        4
 Flame Wave               Conj/Fire      0%         2d4       100%        4
 Petrify                  Tmut/Erth      0%         N/A       100%        4
 Vhi's Electric Charge    Tloc/Air       0%         N/A       100%        4
 Agony                    Necr           0%         N/A       100%        5
 Alistair's Intoxication  Tmut/Pois      0%         N/A       100%        5
 Arcjolt                  Conj/Air       0%         1d10      100%        5
 Borgnjor's Vile Clutch   Necr/Erth      0%         N/A       100%        5
 Fireball                 Conj/Fire      0%         3d3       100%        5
 Irradiate                Conj/Tmut      0%         3d11      100%        5
 Iskenderun's Battlesphe  Conj           0%         2d6       100%        5
 Metabolic Englaciation   Hex/Ice        0%         N/A       100%        5
 Silence                  Hex/Air        0%         N/A       100%        5
 Yara's Violent Unravell  Hex/Tmut       0%         3d3       100%        5
 Conjure Ball Lightning   Conj/Air       0%         3x3d6     100%        6
 Eringya's Noxious Bog    Tmut/Pois      0%         4d6       100%        6
 Enfeeble                 Hex            0%         N/A       100%        7
 Orb of Destruction       Conj           0%         9d5       100%        7
 Borgnjor's Revivificati  Necr           0%         N/A       100%        8
 Chain Lightning          Conj/Air       0%         N/A       100%        9
 Death's Door             Necr           0%         N/A       100%        9
 Animate Armour           Summ/Erth      Unusable   N/A       N/A         4
 Summon Lightning Spire   Summ/Air       Unusable   N/A       N/A         4
 Simulacrum               Ice/Necr       Unusable   N/A       N/A         6
 Summon Cactus Giant      Summ           Unusable   N/A       N/A         6
 Haunt                    Necr/Summ      Unusable   N/A       N/A         7

Dungeon Overview and Level Annotations

Branches:
Dungeon (15/15)            Temple (1/1) D:4            Lair (5/5) D:8
  Swamp (4/4) Lair:3       Spider (0/4) Lair:3        Slime (0/5) Lair:4
    Orc (2/2) D:12            Elf (0/3) Orc:2        Depths (3/4) D:15
  Sewer (visited)           IceCv (visited)         Gauntlet (visited)
 Vaults: D:13-14

Altars:
Ashenzari
Cheibriados
Dithmenos
Elyvilon
Fedhas
Gozag
Hepliaklqana
Kikubaaqudgha
Makhleb
Nemelex Xobeh
Okawaru
Qazlal
Ru
Sif Muna
Trog
Uskayaw
Vehumet
Wu Jian
Xom
Yredelemnul
Zin
The Shining One
Jiyva

Shops:
D:4 (:   D:6 ?   D:7 ?   D:11 (:   D:15 *   Orc:1 [   Orc:2 *(=*   Depths:1 :==
Depths:3 :

Portals:
Hell: Depths:1 Depths:2 Depths:3
Abyss: Depths:3
Pandemonium: Depths:2
Ziggurat: Depths:2

Annotations:
D:7 2 runed translucent doors


Innate Abilities, Weirdness & Mutations

You have a pair of horns on your head.
You reflexively headbutt those who attack you in melee.


Message History

You have turned to stone.
The caustic shrike barely misses you. The walking earthen tome hits you.
A tentacled monstrosity comes into view.
The living spell is engulfed in freezing vapours.
The living spell is destroyed!
The caustic shrike claws you!
You are splashed with acid!
The caustic shrike claws you but does no damage.
The walking earthen tome hits you!!
The caustic shrike claws you but does no damage.
The caustic shrike claws you!
You are splashed with acid!
The walking earthen tome hits you but does no damage.
The living spell casts itself at you. The caustic shrike claws you.
You are splashed with acid.
The caustic shrike claws you. The acid corrodes you!
You are splashed with acid.
The walking earthen tome hits you but does no damage.
The caustic shrike claws you! The acid corrodes you!
You are splashed with acid.
The caustic shrike claws you! The acid corrodes you!
You are splashed with acid!
The walking earthen tome erupts in a flurry of living spells!
The caustic shrike claws you!! The acid corrodes you!
You are splashed with acid!
The caustic shrike claws you but does no damage.
The walking earthen tome hits you!!
The caustic shrike claws you but does no damage.
The caustic shrike claws you!!
* * * LOW HITPOINT WARNING * * *
You are splashed with acid.
* * * LOW HITPOINT WARNING * * *
The stone giant hits you!!!
* * * LOW HITPOINT WARNING * * *
The walking earthen tome hits you!!
* * * LOW HITPOINT WARNING * * *
The caustic shrike claws you!!
* * * LOW HITPOINT WARNING * * *
You are splashed with acid!
* * * LOW HITPOINT WARNING * * *
The caustic shrike claws you!!
You die...

..## ...# ...# ?.# *.#
#X# ##;p# .# #@b*# ..#
##!.C.#
..#########.....#
.........).....#...
######.......#######....
.....##.....##..........
..C...##[[.##..∩........
.......##÷##[..........#
........##.)÷...........


You could see a tentacled monstrosity, a caustic shrike (soul bound), a walking
earthen tome, a stone giant (soul bound), a necromancer and 2 living spells.

Vanquished Creatures
  A golden dragon (Depths:2)
  Nikola (Swamp:2)
  Jorgrun (D:14)
  A tentacled monstrosity (Depths:3)
  A lich (Depths:1)
  A titan (Depths:2)
  A quicksilver dragon (Depths:2)
  Gastronok (D:8)
  Frances (D:14)
  A tengu reaver (Depths:2)
  3 thorn hunters
  A storm dragon (Depths:2)
  A fenstrider witch (Swamp:1)
  A rockslime (IceCv)
  2 azure jellies (IceCv)
  5 frost giants
  6 fire giants
  A caustic shrike zombie (Depths:2)
  11 very ugly things
  2 spriggan defenders
  3 quicksilver oozes (IceCv)
  3 ghouls (Swamp:2)
  3 eleionomae
  12 stone giants
  5 vampire knights
  Azrael (D:14)
  A minotaur (Gauntlet)
  6 bunyips
  3 ettins
  2 spark wasps (Depths:3)
  Snorg (D:14)
  A quicksilver dragon zombie (Depths:2)
  A merfolk impaler (Depths:2)
  10 fire dragons
  Josephine (D:10)
  3 rakshasas
  2 spriggan air magi
  22 hydras
  6 boulder beetles
  A ghost crab (Swamp:2)
  7 ice dragons
  10 alligators
  A sphinx zombie (Depths:1)
  3 death yaks (Lair:5)
  5 centaur warriors
  2 catoblepae
  2 two-headed ogres
  4 demonic crawlers (D:14)
  4 deep troll shamans
  A vampire mage (Depths:1)
  3 tengu warriors
  7 spriggan berserkers
  9 deep troll earth magi
  8 spriggans
  A sun demon (Depths:2)
  A hell knight (Depths:2)
  5 goliath frogs
  A skyshark (Lair:3)
  A sixfirhy (Depths:3)
  A pharaoh ant (Lair:3)
  6 deep trolls
  A fire crab (Swamp:4)
  9 iron trolls
  A spark wasp zombie (Depths:1)
  2 flayed ghosts
  13 swamp dragons
  2 glowing orange brains
  3 lindwurms
  7 bog bodies
  2 orange crystal statues (IceCv)
  7 wizards
  5 spriggan druids
  7 spectral spriggans (Swamp:2)
  5 necromancers
  12 orc sorcerers
  16 ugly things
  3 orc knights
  A sphinx simulacrum (Depths:2)
  4 deep elf pyromancers
  A stone giant zombie (Depths:1)
  8 cyclopes
  A salamander (Depths:2)
  8 will-o-the-wisps
  4 manticores
  A black mamba (shapeshifter) (D:14)
  A frost giant skeleton (Depths:1)
  12 black mambas
  A guardian serpent (Depths:2)
  4 gargoyles
  3 torpor snails
  13 cane toads
  9 komodo dragons
  4 rime drakes
  Psyche (D:11)
  2 efreet
  An unseen horror (D:13)
  3 tengu conjurers
  3 freezing wraiths (Swamp:2)
  2 kobold demonologists
  7 trolls
  15 polar bears
  2 bloated husks
  8 hornets
  7 tyrant leeches
  Grinder (Sewer)
  3 tarantellas (Lair:3)
  A tarantella (shapeshifter) (D:14)
  5 raiju
  4 dream sheep (Lair:5)
  2 blink frogs (Lair:4)
  A spriggan zombie (Depths:2)
  Prince Ribbit (D:8)
  6 centaur simulacra
  24 slime creatures
  An ettin skeleton (Depths:2)
  2 vampires
  Eustachio (D:6)
  A shadow (D:7)
  2 fire elementals (D:14)
  5 wyverns
  7 wraiths
  68 yaks
  3 water elementals
  17 vampire mosquitoes
  4 basilisks
  A chaos spawn (Depths:3)
  A redback (Lair:3)
  3 steam dragons
  The ghost of LeprechaunX the Changeling, an amateur OpSh (D:3)
  17 wargs
  Edmund (D:5)
  6 acid dragons
  18 swamp worms
  A floating eye (D:14)
  19 hell hounds
  A human skeleton (Depths:1)
  20 water moccasins
  6 swamp drakes (Swamp:4)
  4 sky beasts
  2 ice beasts
  23 orc warriors
  12 black bears
  5 ogres
  7 great orb of eyes simulacra (IceCv)
  39 wolves
  12 centaurs
  2 kobold brigands (D:9)
  3 phantoms
  6 slime creature simulacra (IceCv)
  A gnoll sergeant (D:11)
  16 bullfrogs
  A scorpion (D:6)
  3 glowing shapeshifter simulacra (IceCv)
  6 wights
  6 killer bees (D:8)
  3 small abominations (D:14)
  5 electric eels
  2 howler monkeys (D:6)
  A lava snake (Swamp:4)
  3 hounds
  A jelly (D:5)
  A gnoll bouda (D:6)
  15 orc priests
  7 iguanas
  Crazy Yiuf (D:5)
  A sleepcap (D:6)
  49 orc wizards
  Natasha (D:3)
  2 lightning spires (Gauntlet)
  23 gnolls
  7 adders
  4 shadow imps
  8 white imps
  A howler monkey simulacrum (D:11)
  7 ufetubi
  2 adder zombies (Sewer)
  3 worms
  3 dart slugs
  115 orcs
  8 endoplasms
  6 giant cockroaches
  3 goblins
  2 hobgoblins
  5 quokkas
  10 ball pythons
  5 bats
  3 frilled lizards
  40 kobolds
  8 rats
  A butterfly (Lair:4)
1191 creatures vanquished.

Vanquished Creatures (others)
  A quicksilver ooze (IceCv)
  An unseen horror (shapeshifter) (D:15)
  3 bloated husks
  2 steam dragons (Swamp:4)
  4 swamp drakes (Swamp:4)
  2 orc wizards
  A gnoll (D:11)
  2 orcs
  A kobold (D:9)
  28 foxfires
45 creatures vanquished.

Grand Total: 1236 creatures vanquished

Notes
Turn   | Place    | Note
-------+----------+-------------------------------------------
     0 | D:1      | Joey1 the Minotaur Fighter began the quest for the Orb.
     0 | D:1      | Reached XP level 1. HP: 19/19 MP: 0/0
   119 | D:1      | Reached XP level 2. HP: 27/27 MP: 1/1
   269 | D:1      | Reached skill level 1 in Dodging
   400 | D:1      | Reached XP level 3. HP: 29/33 MP: 2/2
  1002 | D:2      | Reached XP level 4. HP: 41/41 MP: 3/3
  1442 | D:3      | Found a glowing drain.
  1457 | Sewer    | Entered a sewer
  1654 | Sewer    | Found an ancient bone altar of Kikubaaqudgha.
  1664 | Sewer    | Reached XP level 5. HP: 33/47 MP: 4/4
  1740 | Sewer    | Reached skill level 5 in Fighting
  1740 | Sewer    | Reached skill level 5 in Shields
  1871 | Sewer    | Noticed Grinder
  1886 | Sewer    | Killed Grinder
  1887 | Sewer    | Reached XP level 6. HP: 44/56 MP: 5/5
  1924 | Sewer    | Reached XP level 7. HP: 55/61 MP: 6/6
  2139 | D:3      | Noticed Natasha
  2146 | D:3      | Killed Natasha
  2631 | D:3      | Found a runed translucent door.
  2632 | D:3      | Noticed LeprechaunX's ghost (amateur OpSh)
  2916 | D:4      | Found a shimmering blue altar of Sif Muna.
  3056 | D:4      | Found Ehoreuf's Book Boutique.
  3058 | D:4      | Found Vataweas's Antique Weapon Shoppe.
  3065 | D:4      | Bought a glowing broad axe for 168 gold pieces
  3179 | D:4      | Found a staircase to the Ecumenical Temple.
  3189 | Temple   | Entered the Ecumenical Temple
  3194 | Temple   | Became a worshipper of Warmaster Okawaru
  3392 | D:4      | Found a basalt altar of Yredelemnul.
  3647 | D:5      | Entered Level 5 of the Dungeon
  4070 | D:5      | Found a runed translucent door.
  4071 | D:5      | Noticed Crazy Yiuf
  4108 | D:5      | Noticed Edmund
  4130 | D:5      | Killed Edmund
  4130 | D:5      | Reached * piety under Okawaru
  4131 | D:5      | Reached XP level 8. HP: 32/68 MP: 2/7
  4270 | D:5      | Reached skill level 10 in Axes
  4724 | D:3      | Killed LeprechaunX's ghost
  4796 | D:5      | Killed Crazy Yiuf
  4854 | D:6      | Found a white marble altar of Elyvilon.
  4966 | D:6      | Reached ** piety under Okawaru
  4970 | D:6      | Noticed Eustachio
  4988 | D:6      | Killed Eustachio
  5261 | D:6      | Reached XP level 9. HP: 63/74 MP: 2/8
  5322 | D:6      | Found Ichuru's Magic Scroll Shop.
  5333 | D:6      | Bought a scroll of identify for 28 gold pieces
  5333 | D:6      | Bought a scroll of identify for 28 gold pieces
  5333 | D:6      | Bought a scroll of teleportation for 42 gold pieces
  5333 | D:6      | Bought a scroll of blinking for 105 gold pieces
  5418 | D:6      | Found a hide-covered altar of Uskayaw.
  5618 | D:7      | Found Acos's Magic Scroll Shoppe.
  5659 | D:7      | Reached *** piety under Okawaru
  6397 | D:7      | Found a large runed translucent door.
  6397 | D:7      | Found a large runed translucent door.
  6404 | D:7      | Noticed a kobold demonologist
  6577 | D:7      | Noticed a cyclops
  6588 | D:7      | Killed a cyclops
  6588 | D:7      | Reached **** piety under Okawaru
  6589 | D:7      | Reached skill level 15 in Axes
  6713 | D:7      | Found a large runed translucent door.
  6713 | D:7      | Found a large runed translucent door.
  7165 | D:7      | Reached XP level 10. HP: 42/81 MP: 1/9
  7330 | D:7      | Bought a scroll of brand weapon for 104 gold pieces
  7497 | D:7      | Got the Commentary on Contaminants and Conduction
  7730 | D:8      | Found a staircase to the Lair.
  7730 | D:8      | Noticed Prince Ribbit
  7736 | D:8      | Killed Prince Ribbit
  8021 | D:8      | Noticed Gastronok
  8034 | D:8      | Killed Gastronok
  8034 | D:8      | Reached ***** piety under Okawaru
  8035 | D:8      | Reached skill level 10 in Fighting
  8320 | D:8      | Received a gift from Okawaru
  8352 | D:8      | Found a glowing golden altar of the Shining One.
  8841 | D:9      | Found a burning altar of Makhleb.
  8863 | D:9      | Found a glowing silver altar of Zin.
  8864 | D:9      | Noticed an angel
  8865 | D:9      | Noticed a blizzard demon
  8931 | D:9      | Reached XP level 11. HP: 70/99 MP: 7/10
  9187 | D:9      | Found a stormy altar of Qazlal.
  9252 | D:9      | Paralysed by a hornet for 3 turns
  9651 | D:9      | Found a broken altar of Ashenzari.
  9912 | D:7      | Bought a scroll of enchant weapon for 82 gold pieces
  9912 | D:7      | Bought a scroll of fog for 44 gold pieces
  9912 | D:7      | Bought a scroll of enchant weapon for 82 gold pieces
  9912 | D:7      | Bought a scroll of poison for 44 gold pieces
  9955 | Lair:1   | Entered Level 1 of the Lair of Beasts
 10052 | Lair:1   | Reached skill level 1 in Invocations
 10055 | Lair:1   | Reached skill level 1 in Evocations
 10063 | Lair:1   | Identified the +11 executioner's axe "Pism" {drain, rC+
                  | Str+4 Int-5} (Okawaru gifted it to you on level 1 of the
                  | Lair of Beasts)
 10063 | Lair:1   | Received a gift from Okawaru
 10170 | Lair:1   | Found a gate leading to a gauntlet.
 10190 | Gauntlet | Entered a Gauntlet
 10190 | Gauntlet | Found a transporter.
 10220 | Gauntlet | Found a transporter.
 10222 | Gauntlet | Found a transporter.
 10233 | Gauntlet | Found a transporter.
 10236 | Gauntlet | Found a transporter.
 10239 | Gauntlet | Noticed a blizzard demon
 10248 | Gauntlet | Found a transporter.
 10263 | Gauntlet | Found a transporter.
 10263 | Gauntlet | Noticed a ghost crab
 10274 | Gauntlet | Found a transporter.
 10283 | Gauntlet | Noticed a white ugly thing
 10284 | Gauntlet | Noticed a glowing orange brain
 10286 | Gauntlet | Found a transporter.
 10286 | Gauntlet | Noticed a glowing orange brain
 10296 | Gauntlet | Found a runed translucent door.
 10296 | Gauntlet | Found a runed translucent door.
 10300 | Gauntlet | Found a transporter.
 10314 | Gauntlet | Found a transporter.
 10315 | Gauntlet | Found a transporter.
 10322 | Gauntlet | Noticed a catoblepas
 10324 | Gauntlet | Found a transporter.
 10324 | Gauntlet | Found a transporter.
 10451 | Gauntlet | Killed a catoblepas
 10613 | Gauntlet | Identified the ring "Yrghaer" {rElec rPois}
 10628 | Gauntlet | Noticed a minotaur
 10636 | Gauntlet | Killed a minotaur
 10636 | Gauntlet | Received a gift from Okawaru
 10645 | Gauntlet | Found the +3 robe of Clouds {*Thunder rCloud rElec}
 10663 | Gauntlet | Identified the +0 robe "Behaluom" {*Slow rPois rC+ Regen+}
 10664 | Gauntlet | Got Sif Muna's Incunable of the Viridian Storm
 10933 | Lair:1   | Reached XP level 12. HP: 59/112 MP: 9/14
 11233 | Lair:1   | Reached skill level 5 in Invocations
 11664 | Lair:2   | Reached ****** piety under Okawaru
 11691 | Lair:2   | Reached skill level 5 in Evocations
 11697 | Lair:2   | Received a gift from Okawaru
 12725 | Lair:3   | Noticed an eleionoma
 12743 | Lair:3   | Killed an eleionoma
 12744 | Lair:3   | Received a gift from Okawaru
 12818 | Lair:3   | Found a staircase to the Swamp.
 12841 | Lair:3   | Found a hole to the Spider Nest.
 13330 | Lair:3   | Reached XP level 13. HP: 114/123 MP: 14/17
 14532 | Lair:4   | Reached skill level 15 in Fighting
 14545 | Lair:4   | Received a gift from Okawaru
 14654 | Lair:4   | Identified the +3 shortbow of Gehenna {freeze, Dex+2}
 14661 | Lair:4   | Found a staircase to the Slime Pits.
 14661 | Lair:4   | Found a viscous altar of Jiyva.
 15011 | Lair:5   | Entered Level 5 of the Lair of Beasts
 15311 | Lair:5   | Identified the +5 battleaxe "Kalameod" {spect, rElec rF+
                  | Dex+5} (Okawaru gifted it to you on level 5 of the Lair of
                  | Beasts)
 15311 | Lair:5   | Received a gift from Okawaru
 15986 | Lair:5   | Reached skill level 10 in Invocations
 16037 | Lair:5   | Reached XP level 14. HP: 104/135 MP: 16/20
 16037 | Lair:5   | Identified the +3 triple sword of Asaredon {protect, rPois
                  | Str+4 Dex-2 Stlth+} (Okawaru gifted it to you on level 5 of
                  | the Lair of Beasts)
 16037 | Lair:5   | Received a gift from Okawaru
 16038 | Lair:5   | Reached skill level 10 in Evocations
 17094 | Lair:5   | Received a gift from Okawaru
 17450 | D:10     | Entered Level 10 of the Dungeon
 17541 | D:10     | Noticed Josephine
 17548 | D:10     | Killed Josephine
 17717 | D:10     | Found an ornate altar of the Wu Jian Council.
 17723 | D:10     | Found a shimmering altar of Xom.
 17723 | D:10     | Found a snail-covered altar of Cheibriados.
 17759 | D:10     | Found a portal to a secret trove of treasure.
 18448 | D:11     | Identified the +3 broad axe of Responsibility {freeze, rF+
                  | Str+4} (Okawaru gifted it to you on level 11 of the
                  | Dungeon)
 18448 | D:11     | Received a gift from Okawaru
 18529 | D:11     | Noticed Psyche
 18541 | D:11     | Killed Psyche
 18682 | D:11     | Found Ceuph's Vocational Training.
 18849 | D:11     | Found Osejuc's Antique Weapon Shop.
 20000 | D:12     | Found a staircase to the Orcish Mines.
 20225 | D:12     | Identified the +0 plate armour "Culet" {Contam rN+++ rCorr
                  | Stlth+}
 20489 | Orc:1    | Entered Level 1 of the Orcish Mines
 21054 | Orc:1    | Found Someed's Antique Armour Shop.
 21078 | Orc:1    | Bought a glowing cloak for 210 gold pieces
 21230 | Orc:2    | Entered Level 2 of the Orcish Mines
 21230 | Orc:2    | Found a staircase to the Elven Halls.
 21306 | Orc:2    | Found Aled Qenk's Assorted Antiques.
 21322 | Orc:2    | Bought a potion of might for 112 gold pieces
 21322 | Orc:2    | Bought a scroll of identify for 56 gold pieces
 21322 | Orc:2    | Bought a potion of curing for 84 gold pieces
 21409 | Orc:2    | Found Vafoireq's Jewellery Shop.
 21414 | Orc:2    | Identified the +4 chain mail "Naischarr" {rC- Will+ Str+5
                  | SInv} (Okawaru gifted it to you on level 2 of the Orcish
                  | Mines)
 21414 | Orc:2    | Received a gift from Okawaru
 21479 | Orc:2    | Reached XP level 15. HP: 74/147 MP: 8/23
 21488 | Orc:2    | Found Biovviamasch's Antique Weapon Shoppe.
 21488 | Orc:2    | Found Sabiejij's General Store.
 21679 | Orc:2    | Bought a potion of heal wounds for 65 gold pieces
 21679 | Orc:2    | Bought a potion of ambrosia for 104 gold pieces
 22316 | D:13     | Reached skill level 1 in Throwing
 23957 | D:7      | Bought a scroll of blinking for 82 gold pieces
 23957 | D:7      | Bought a scroll of teleportation for 33 gold pieces
 23957 | D:7      | Bought 2 scrolls of enchant armour for 165 gold pieces
 23993 | D:6      | Bought a scroll of teleportation for 42 gold pieces
 24119 | D:10     | You paid a toll of 5 scrolls of blinking to enter a
                  | treasure trove
 24120 | Trove    | Entered a treasure trove
 24124 | Trove    | Identified the amulet "Gaem" {Reflect Regen+ Slay+5 SH+5}
 24128 | Trove    | Identified the +4 kite shield of Conscience {Int+6}
 24133 | Trove    | Identified the +1 hat of Hide-and-Seek {rF+ rC+}
 24134 | Trove    | Identified the +2 hat of the Learner {Harm Fly rN++ Int-3}
 24144 | Trove    | Identified the ring of the Jumping Madman {rC- rCorr Str+6
                  | Stlth+}
 24183 | Trove    | Identified the ring "Mose" {Contam rF- Str+6 Dex+2 SInv}
 24198 | Trove    | Identified the ring "Sawu" {rElec rC+ rN+}
 24211 | Trove    | Identified the ring of Luin {rC+ EV+5 Str+3}
 24476 | Swamp:1  | Entered Level 1 of the Swamp
 24929 | Swamp:1  | Received a gift from Okawaru
 24961 | Swamp:1  | Reached skill level 5 in Armour
 25100 | Swamp:1  | Noticed a fenstrider witch
 25107 | Swamp:1  | Killed a fenstrider witch
 25564 | Swamp:2  | Reached skill level 5 in Throwing
 25564 | Swamp:2  | Reached skill level 5 in Dodging
 25964 | Swamp:2  | Got the Teachings on the Gargoyle and Austromancy
 26095 | Swamp:2  | Reached XP level 16. HP: 141/157 MP: 24/24
 26428 | Swamp:2  | Identified the +2 bardiche of Incongruity {venom, rPois}
 26537 | Swamp:3  | Noticed Nikola
 26558 | Swamp:2  | Killed Nikola
 26788 | Swamp:3  | Noticed a thorn hunter
 26808 | Swamp:3  | Killed a thorn hunter
 26894 | Swamp:3  | Received a gift from Okawaru
 26948 | Swamp:3  | Noticed a thorn hunter
 26958 | Swamp:3  | Killed a thorn hunter
 27334 | Swamp:4  | Entered Level 4 of the Swamp
 27341 | Swamp:4  | Noticed a thorn hunter
 27349 | Swamp:4  | Killed a thorn hunter
 27576 | Swamp:4  | Received a gift from Okawaru
 27768 | Swamp:4  | Received a gift from Okawaru
 27897 | Swamp:4  | Reached skill level 10 in Shields
 27914 | Swamp:4  | Received a gift from Okawaru
 28004 | Swamp:4  | Received a gift from Okawaru
 28415 | Swamp:4  | Got a decaying rune of Zot
 29278 | D:14     | Found a frozen archway.
 29311 | IceCv    | Entered an ice cave
 29349 | IceCv    | Received a gift from Okawaru
 29350 | IceCv    | Reached XP level 17. HP: 163/168 MP: 12/25
 29911 | IceCv    | Found a viscous altar of Jiyva.
 30214 | D:14     | Noticed Snorg
 30219 | D:14     | Killed Snorg
 30219 | D:14     | Identified the +4 kite shield of the Tsukumogami {Str+3}
                  | (Okawaru gifted it to you on level 14 of the Dungeon)
 30219 | D:14     | Received a gift from Okawaru
 30269 | D:14     | Noticed Jorgrun
 30283 | D:14     | Killed Jorgrun
 30356 | D:14     | Noticed Azrael
 30368 | D:14     | Killed Azrael
 30607 | D:14     | Got the Discourse on the Indurated Salvo
 30699 | D:14     | Noticed Frances
 30705 | D:14     | Paralysed by a floating eye for 4 turns
 30714 | D:14     | Killed Frances
 31009 | D:15     | Entered Level 15 of the Dungeon
 31067 | D:15     | Found a staircase to the Depths.
 31170 | D:15     | Found Plog's Elemental Accessories.
 31527 | Depths:1 | Entered Level 1 of the Depths
 31542 | Depths:1 | Reached skill level 10 in Armour
 31546 | Depths:1 | Reached skill level 10 in Dodging
 31559 | Depths:1 | Received a gift from Okawaru
 31687 | Depths:1 | Found Tast's Jewellery Shoppe.
 31688 | Depths:1 | Found Cusoveg's Book Boutique.
 31778 | Depths:1 | Found Ylevi's Jewellery Shoppe.
 31801 | Depths:1 | Received a gift from Okawaru
 31912 | Depths:1 | Noticed a lich
 31924 | Depths:1 | Killed a lich
 31939 | Depths:1 | Identified the +3 morningstar of a Billion Xeniums {flame,
                  | rElec rF+ rC- rN+}
 31978 | Depths:1 | Reached skill level 10 in Throwing
 32100 | Depths:1 | Received a gift from Okawaru
 32109 | Depths:1 | Reached XP level 18. HP: 156/178 MP: 26/26
 32136 | Depths:1 | Found a basalt altar of Yredelemnul.
 32407 | Depths:1 | Found a gateway to Hell.
 32861 | Depths:2 | Found a one-way gate leading to the halls of Pandemonium.
 32872 | Depths:2 | Received a gift from Okawaru
 33239 | Depths:2 | Reached skill level 15 in Shields
 33286 | Depths:2 | Noticed a golden dragon
 33301 | Depths:2 | Killed a golden dragon
 33619 | Depths:2 | Received a gift from Okawaru
 33994 | Depths:2 | Found a one-way gateway to a ziggurat.
 34118 | Depths:2 | Found the +3 pair of seven-league boots {Rampage+∞}
 34281 | Depths:3 | Found Bycvex's Book Boutique.
 34291 | Depths:3 | Found a one-way gate to the infinite horrors of the Abyss.
 34398 | Depths:3 | Received a gift from Okawaru
 34423 | Depths:3 | Noticed a tentacled monstrosity
 34562 | Depths:3 | Killed a tentacled monstrosity
 34569 | Depths:3 | Reached XP level 19. HP: 150/185 MP: 28/28
 34661 | Depths:3 | Identified 2 scrolls of acquirement
 34669 | Depths:3 | Acquired the ring "Vocauwun" {rC- Will+ Int+6 Dex+2}
 34670 | Depths:3 | Acquired 732 gold pieces
 34738 | Depths:3 | Identified the ring "Yropawux" {Fire Dex+3}
 34745 | Depths:3 | Noticed a caustic shrike
 34760 | Depths:3 | HP: 7/185 [caustic shrike (15)]
 34760 | Depths:3 | HP: 3/185 [acid (4)]
 34761 | Depths:3 | Slain by a caustic shrike

Illustrated notes

Levels and vault maps discovered:
D:1:      minmay_arrival_loop, layout_basic, serial_park_tiny_1,
          chequers_decorated_corner
D:2:      layout_rooms, patterned_corridor
D:3:      layout_basic, cheibrodos_sewer_entry_drain, gammafunk_ghost_grave,
          uniq_natasha
D:4:      layout_basic, kennysheep_mini_moat, lemuel_round_altar,
          minmay_temple_entry_antechambers, nicolae_wooded_promenade
D:5:      layout_gridville, uniq_crazy_yiuf_cottage, uniq_edmund
D:6:      layout_rooms, mainiacjoe_overflow_24_doors,
          mainiacjoe_overflow_chevrons, serial_shops, shop_fountains,
          uniq_eustachio
D:7:      layout_basic, serial_shops, nicolae_shop_trees, grunt_ministairs_13,
          minmay_hollow_rounded_squares
D:8:      layout_loops_corners, tso_metal_star, erik_lair_orcish_takeover,
          st_stairs_8, uniq_gastronok, uniq_prince_ribbit1
D:9:      layout_loops_ring, grunt_temple_overflow_order_and_chaos_2,
          cheibrodos_ashenzari_chains, grunt_qazlal_clouds,
          kennysheep_generic_room_16
D:10:     layout_basic, grunt_temple_overflow_open, enter_trove_3,
          uniq_josephine
D:11:     layout_roguey, serial_ice, serial_ice_m, serial_ice_h, serial_ice_b,
          serial_ice_f, serial_ice_i, serial_ice_c, serial_shops,
          nicolae_shop_peninsula, nicolae_shop_vocational, uniq_psyche
D:12:     layout_loops_ring, erik_orc_2, st_stairs_2
D:13:     layout_gridville, grunt_vaults_entry_fortified
D:14:     cheibrodos_hippocracy, layout_basic, chequers_garden, serial_ice,
          serial_ice_h, serial_ice_b, serial_ice_g, serial_ice_o,
          portal_ice_cave_entry_pillars_1, uniq_azrael, uniq_frances,
          uniq_jorgrun, uniq_snorg
D:15:     hangedman_depths_entry_civil_slaughter, layout_cave_pools,
          minmay_gold_behind_fungi, nicolae_elemental_shop
Temple:   hellmonk_temple_micro_hex
Lair:1:   layout_gridlike, gauntlet_entry_generic
Lair:2:   layout_long_grid
Lair:3:   layout_loops_ring, alex1729_swamp_entry_worm_eleionoma,
          nicolae_spider_entry_lesser_pyramids
Lair:4:   beast_lair_carwin_large_1, layout_concentric_octagons, slime_entry_1,
          wad_woods_road_01, serial_bayou_shore_b, lemuel_fruit_fields
Lair:5:   hangedman_lair_caniforms_friends, layout_long_grid
Swamp:1:  nicolae_swamp_standing_stones, layout_basic_swamp,
          evilmike_swamp_ruin_rubble_1
Swamp:2:  nicolae_swamp_flooded_prison, layout_basic_swamp,
          nicolae_swamp_fairy_circle
Swamp:3:  layout_basic_swamp, evilmike_swamp_ruin_house_2, uniq_nikola
Swamp:4:  swamp_fiery, layout_basic_swamp
Orc:1:    layout_caves, serial_shops, nicolae_shop_tiny_statue_garden
Orc:2:    st_orc_town, layout_diamond_mine, basic_altar
Depths:1: layout_twisted_cross, grunt_hell_entry_dis_mu, drop_trap,
          yredelemnul_altar_generic, minmay_shop_grove
Depths:2: nicolae_hexawheel, layout_cave_pools, enter_ziggurat_a,
          hangedman_geh_valley, pan_entry, kennysheep_minor_cross,
          hellmonk_guarded_unrand_seven_league_boots
Depths:3: minmay_concentric_multi, layout_cave_pools, hell_entry,
          grunt_pan_entry_sceptre, abyss_entry, nrook_mini_backslash,
          serial_shops, shop

Skill      XL: |  1  2  3  4  5  6  7  8  9 10 11 12 13 14 15 16 17 18 |
---------------+-------------------------------------------------------+-----
Dodging        | 1 2 3 5 9 10 | 10.0
Fighting       | 4 5 10 11 13 15 18 19 20 | 20.0
Axes           | 3 6 9 12 15 17 18 19 20 | 20.0
Shields        | 4 5 7 10 15 | 15.0
Invocations    | 4 7 10 12 13 | 13.9
Evocations     | 4 7 9 10 11 12 | 12.0
Throwing       | 5 7 10 | 10.0
Armour         | 6 9 10 | 10.0

Action                     |  1- 3 |  4- 6 |  7- 9 | 10-12 | 13-15 | 16-18 | 19-21 || total
---------------------------+-------+-------+-------+-------+-------+-------+-------++-------
  Melee: War axe           |    72 |       |       |       |       |       |       ||    72
         Headbutt          |    13 |    22 |    55 |    94 |   226 |   337 |    16 ||   763
         Hand axe          |     1 |    83 |   148 |       |       |       |       ||   232
         Broad axe         |       |       |   189 |   457 |   934 |  1068 |    33 ||  2681
         Morningstar       |       |       |       |       |    72 |    41 |       ||   113
  Throw: Boomerang         |       |       |       |       |    25 |       |       ||    25
 Invoke: Heroism           |       |       |       |     3 |     8 |     6 |     1 ||    18
         Finesse           |       |       |       |       |     4 |     4 |       ||     8
    Use: Potion            |       |     1 |       |       |     1 |     1 |       ||     3
         Scroll            |       |       |     7 |    10 |     8 |     6 |     2 ||    33
   Stab: Distracted        |       |       |       |       |     1 |       |       ||     1
         Petrified         |       |       |       |       |       |     1 |       ||     1
 Armour: Scale mail        |    51 |     3 |       |       |       |       |       ||    54
         Plate armour      |       |    82 |   279 |   273 |   913 |   842 |    40 ||  2429
  Dodge: Dodged            |    52 |    32 |    84 |    86 |   281 |   376 |    13 ||   924
  Block: Buckler           |    24 |    19 |    66 |    65 |   185 |       |       ||   359
         Kite shield       |       |       |       |       |   104 |   760 |    22 ||   886
         Reflection        |       |       |       |       |     5 |    26 |     1 ||    32

Table legend: (Time is in decaauts)
 A = Elapsed time spent in this place.
 B = Non-inter-level travel time spent in this place.
 C = Inter-level travel time spent in this place.
 D = Time resting spent in this place.
 E = Time spent auto-exploring this place.
 F = Levels seen in this place.
 G = Mean time per level.
                   A        B        C        D        E       F      G
               +--------+--------+--------+--------+--------+-----+--------+
         Total |  34151 |  31692 |   2459 |   4894 |  19214 |  34 | 1004.4 |
       Dungeon |  16032 |  14712 |   1320 |   1780 |  10072 |  15 | 1068.8 |
        Temple |     10 |     10 |      0 |      0 |      0 |   1 |   10.0 |
          Lair |   6920 |   6339 |    581 |    814 |   4414 |   5 | 1384.0 |
         Swamp |   4231 |   3968 |    263 |    866 |   1753 |   4 | 1057.8 |
  Orcish Mines |   1700 |   1610 |     90 |    210 |   1013 |   2 |  850.0 |
        Depths |   3106 |   2902 |    204 |    462 |   1554 |   3 | 1035.3 |
         Trove |    118 |    118 |      0 |      0 |      0 |   1 |  118.0 |
         Sewer |    590 |    590 |      0 |    171 |    151 |   1 |  590.0 |
      Ice Cave |    847 |    847 |      0 |    358 |     74 |   1 |  847.0 |
      Gauntlet |    593 |    593 |      0 |    233 |    182 |   1 |  593.0 |
               +--------+--------+--------+--------+--------+-----+--------+

Top non-repeatable levels by time:
  Lair:5: 2150 daAuts
     D:7: 1854 daAuts
Depths:2: 1575 daAuts
    D:13: 1539 daAuts
     D:8: 1450 daAuts
 Swamp:2: 1337 daAuts
  Lair:4: 1315 daAuts
 Swamp:4: 1261 daAuts
  Lair:3: 1247 daAuts
  Lair:1: 1222 daAuts
    D:11: 1214 daAuts
     D:9: 1177 daAuts
    D:12: 1155 daAuts
Depths:1: 1112 daAuts
     D:5: 1081 daAuts
